 Dungeon Crawl Stone Soup version 0.28-a0-447-g1f95980246 (webtiles) character file.

Game seed: 15170297169949391114

207 frimble the Sneak (level 5, 0/51 HPs)
             Began as an Octopode Warper on Sept 13, 2021.
             Slain by Jessica (1 damage)
             ... on level 2 of the Dungeon.
             The game lasted 00:01:55 (1567 turns).

frimble the Sneak (Octopode Warper)                 Turns: 1567, Time: 00:01:55

Health: 0/51       AC: 22    Str: 10 (12) XL:     5   Next: 85%
Magic:  8/8        EV:  2    Int: 15 (17) God:
Gold:   75         SH:  0    Dex:  8 (11) Spells: 8/8 levels left

rFire   . . .      SeeInvis .   a - +1 short sword
rCold   . . .      Faith    .   (no shield)
rNeg    + + +      Spirit   .   (helmet currently unavailable)
rPois   +          Reflect  .   (no amulet)
rElec   .          Harm     .   (no ring)
rCorr   .          Rampage  .   (no ring)
Will    .....      NoTele   +   (no ring)
Stlth   ++........              (no ring)
HPRegen 0.17/turn               (no ring)
MPRegen 0.11/turn               (no ring)
                                (no ring)
                                (no ring)

@: lethally poisoned (0 -> -2), tree-form
A: stationary, stasis, torment immunity, boosted hp, almost no armour,
(amphibious), 8 rings, (camouflage 1), (gelatinous body 1), (nimble swimmer 1),
(tentacles), (poison resistance), (shaggy fur 1), strong 1
a: no special abilities


You were on level 2 of the Dungeon.
You were a tree.
You visited 1 branch of the dungeon, and saw 2 of its levels.

You collected 75 gold pieces.

Inventory:

Hand Weapons
 a - a +1 short sword (weapon)
Missiles
 c - 5 boomerangs of dispersal
 f - 3 boomerangs (quivered)
Scrolls
 b - a scroll of blinking
 h - a scroll of magic mapping
Potions
 d - a potion of flight


   Skills:
 - Level 2.1 Fighting
 + Level 4.2 Short Blades
 - Level 1.1 Throwing
 - Level 2.4 Dodging
 + Level 5.0 Stealth
 - Level 2.1 Spellcasting
 - Level 3.0 Translocations


You had 8 spell levels left.
You didn't know any spells.
Your spell library contained the following spells:

 Spells                   Type           Power      Damage    Failure   Level
 Blink                    Tloc           N/A        N/A       10%         2
 Gell's Gravitas          Tloc           5%         N/A       19%         3
 Lesser Beckoning         Tloc           10%        N/A       19%         3
 Teleport Other           Tloc           10%        N/A       19%         3
 Manifold Assault         Tloc           10%        N/A       86%         5


Dungeon Overview and Level Annotations

Branches:
Dungeon (2/15)

Altars:
Fedhas

Annotations:
D:2 Jessica


Innate Abilities, Weirdness & Mutations

You are a tree.
Your roots penetrate the ground, keeping you stationary.
You cannot be teleported.
You are immune to unholy pain and torment.
Your maximum health is greatly increased.
You cannot wear most types of armour.
((You are amphibious.))
You can wear up to eight rings at the same time.
((Your skin changes colour to match your surroundings (Stealth+).))
((Your rubbery body absorbs attacks. (AC +1, EV +1)))
((You are camouflaged near water. (Stealth+)))
((You have tentacles for arms and can constrict up to eight enemies at once.))
((Your system is resistant to poisons. (rPois)))
((You are covered in fur. (AC +1)))
Your muscles are strong. (Str +2)


Message History

The adder bites you.
* * * LOW HITPOINT WARNING * * *
You are lethally poisoned!
The adder poisons you!
It was a potion of mutation.
You feel extremely strange.
You feel stronger. Fur sprouts all over your body.
You feel resistant to poisons.
* * * LOW HITPOINT WARNING * * *
You feel sick. The adder bites you but does no damage.
It was a potion of lignification.
You turn into a tree.
Your roots penetrate the ground.
* * * LOW HITPOINT WARNING * * *
You feel sick. Jessica hits you but does no damage. The adder bites you.
* * * LOW HITPOINT WARNING * * *
It was a potion of degeneration.
There was something very wrong with that liquid.
You feel weakened.
You feel dopey.
You feel clumsy.
* * * LOW HITPOINT WARNING * * *
You feel sick.
A bat comes into view.
The adder bites you but does no damage. Jessica hits you but does no damage.
You hit the adder.
The adder is heavily wounded.
* * * LOW HITPOINT WARNING * * *
You feel sick. The adder bites you but does no damage.
Jessica hits you but does no damage. The adder bites you but does no damage.
You hit the adder but do no damage.
The adder is heavily wounded.
* * * LOW HITPOINT WARNING * * *
You feel sick. Jessica hits you with a +0 club.
* * * LOW HITPOINT WARNING * * *
The adder bites you but does no damage.
Okay, then.
Unknown command.
You barely miss the adder.
The adder is heavily wounded.
* * * LOW HITPOINT WARNING * * *
You feel sick. The bat hits you but does no damage.
The adder bites you but does no damage. Jessica hits you with a +0 club.
You die...

###### # #
.....###.#
###.....#.#
..$...... .##
#...@S###.#
.#....♣.#..#
#....b.$..#.##
#.#.#######..#
# ### ##.# ..#
#># #.# #.# #.
#.# #.# #.#
#.# #.# #.#
#.# #.#


You could see an adder, Jessica and a bat.

Vanquished Creatures
  Sigmund (D:2)
  Robin (D:2)
  4 dart slugs
  5 ball pythons
  4 endoplasms
  A giant cockroach (D:2)
  9 goblins
  2 hobgoblins (D:2)
  3 kobolds
  2 quokkas
  2 frilled lizards
  5 rats
39 creatures vanquished.

Notes
Turn   | Place    | Note
-------+----------+-------------------------------------------
     0 | D:1      | frimble the Octopode Warper began the quest for the Orb.
     0 | D:1      | Reached XP level 1. HP: 14/14 MP: 3/3
   170 | D:1      | Reached XP level 2. HP: 19/19 MP: 5/5
   366 | D:1      | Reached skill level 1 in Stealth
   617 | D:1      | Reached XP level 3. HP: 24/24 MP: 6/6
  1025 | D:2      | Noticed Sigmund
  1037 | D:2      | Killed Sigmund
  1038 | D:2      | Reached skill level 4 in Stealth
  1038 | D:2      | Reached XP level 4. HP: 29/29 MP: 7/7
  1038 | D:2      | Reached XP level 5. HP: 34/34 MP: 8/8
  1072 | D:2      | Found a blossoming altar of Fedhas.
  1253 | D:2      | Noticed Robin
  1298 | D:2      | Killed Robin
  1299 | D:2      | Reached skill level 5 in Stealth
  1481 | D:2      | Found a faded altar of an unknown god.
  1553 | D:2      | Noticed Jessica
  1562 | D:2      | Gained mutation: Your muscles are strong. (Str +2) [potion
                  | of mutation]
  1562 | D:2      | Gained mutation: You are covered in fur. (AC +1) [potion of
                  | mutation]
  1562 | D:2      | Gained mutation: Your system is resistant to poisons.
                  | (rPois) [potion of mutation]
  1566 | D:2      | HP: 2/51 [Jessica (2)]
  1567 | D:2      | Slain by Jessica

Illustrated notes

Levels and vault maps discovered:
D:1:      minmay_arrival_split_and_join, layout_loops_ring
D:2:      layout_loops_ring, basic_ecumenical_altar, basic_altar,
          uniq_crazy_yiuf_cottage, uniq_sigmund, uniq_robin, uniq_jessica

Skill      XL: |  1  2  3  4  5 |
---------------+----------------+-----
Stealth        | 1 4 5 |  5.0
Short Blades   | 4 |  4.2
Fighting       | |  2.1
Throwing       | |  1.1
Dodging        | |  2.4
Spellcasting   | |  2.1
Translocations | |  3.0

Action                   |  1- 3 |  4- 6 || total
-------------------------+-------+-------++-------
Melee: Short sword       |    43 |    37 ||    80
       Tentacles         |     5 |     3 ||     8
       Constrict         |     9 |     8 ||    17
Throw: Boomerang         |       |     5 ||     5
  Use: Scroll            |     2 |       ||     2
       Potion            |       |     4 ||     4
 Stab: Sleeping          |     8 |     2 ||    10
Armor: Skin              |     2 |    11 ||    13
Dodge: Dodged            |    19 |    18 ||    37

Table legend: (Time is in decaauts)
 A = Elapsed time spent in this place.
 B = Non-inter-level travel time spent in this place.
 C = Inter-level travel time spent in this place.
 D = Time resting spent in this place.
 E = Time spent auto-exploring this place.
 F = Levels seen in this place.
 G = Mean time per level.
                   A        B        C        D        E       F      G
               +--------+--------+--------+--------+--------+-----+--------+
         Total |   1563 |   1530 |     33 |     21 |   1265 |   2 |  781.5 |
       Dungeon |   1563 |   1530 |     33 |     21 |   1265 |   2 |  781.5 |
               +--------+--------+--------+--------+--------+-----+--------+

Top non-repeatable levels by time:
     D:1: 856 daAuts
     D:2: 706 daAuts
